 Dungeon Crawl Stone Soup version 0.27-a0-887-gcab673c142 (webtiles) character file.

Game seed: 17950141829784254578

66 Alarkh the Insei (level 3, -2/28 HPs)
             Began as a Demonspawn Gladiator on Apr 4, 2021.
             Slain by Sigmund
             ... wielding a +0 scythe
              (4 damage)
             ... on level 3 of the Dungeon.
             The game lasted 00:01:48 (2035 turns).

Alarkh the Insei (Demonspawn Gladiator)             Turns: 2035, Time: 00:01:49

Health: -2/28      AC:  4    Str: 14    XL:     3   Next: 96%
Magic:  3/3        EV: 12    Int: 10    God:
Gold:   84         SH:  0    Dex: 14    Spells: 2/2 levels left

rFire    + . .     SeeInvis .     - Unarmed
rCold    + . .     Faith    .   (no shield)
rNeg     . . .     Spirit   .   a - +0 leather armour
rPois    +         Reflect  .   b - +0 helmet
rElec    +         Harm     .   (no cloak)
rCorr    +         Rampage  .   (no gloves)
Will     .....                  (no boots)
Stlth    +.........             (no amulet)
HPRegen  0.09/turn              (no ring)
MPRegen  0.08/turn              (no ring)

@: confused, resistant
A: claws 1
a: no special abilities


You were on level 3 of the Dungeon.
You visited 1 branch of the dungeon, and saw 3 of its levels.

You collected 84 gold pieces.

Inventory:

Missiles
 c - 3 throwing nets (quivered)
Armour
 a - a +0 leather armour (worn)
 b - a +0 helmet (worn)
Scrolls
 d - 3 scrolls of identify {unknown}
Potions
 e - a potion of curing
 f - a potion of resistance


   Skills:
 + Level 2.9 Fighting
 - Level 1.7 Throwing
 - Level 2.6 Dodging
 * Level 4.0 Unarmed Combat


You had 2 spell levels left.
You didn't know any spells.
Your spell library was empty.

Dungeon Overview and Level Annotations

Branches:
Dungeon (3/15)

Altars:

Annotations:
D:3 Sigmund


Innate Abilities, Weirdness & Mutations

You have sharp fingernails.


Message History

No target in view!
No target in view!
No target in view!
No target in view!
No target in view!
No target in view!
You now have 84 gold pieces (gained 8).
There is an open door here.
Found a stone staircase leading down.
Sigmund the Dreaded comes into view.
He is wielding a +0 scythe.
Sigmund shouts!
Sigmund points at you and mumbles some strange words.
The puff of flame hits you.
Found a hardcover book.
It was a potion of resistance.
You feel protected.
A rat comes into view.
An adder comes into view.
Sigmund points at himself and mumbles some strange words.
Sigmund flickers and vanishes!
Deactivating autopickup; reactivate with Ctrl-A.
The adder hisses angrily.
Something hits you. Something hits you. Something hits you!
A puff of flame appears from out of thin air!
The puff of flame hits you.
You are confused.
You bump into the rock wall.
The adder barely misses you.
A puff of flame appears from out of thin air!
The puff of flame hits you.
* * * LOW HITPOINT WARNING * * *
The adder bites you.
* * * LOW HITPOINT WARNING * * *
You miss the adder. The adder closely misses you. The adder bites you.
* * * LOW HITPOINT WARNING * * *
Something hits you.
You die...

........# #.##.#.....#..
........# #.##.:.......#
........# #.#..S........
........# #.#.......####
........# #.###........
........# #.#......>###
........########.#{#.#####
........'........Sr.......
........########@#.#.#..##
######.#.......#.#.#.#....
#.#.#####.#.#.#.# ####
#.#.#...#.#.#.#.#
#.#.#.#.#.#.#.#.#
#.#.#.#.#.#.#.#
###.#.#........<#
#...#.#.###.#.#.#
#...........#.#.#


You could see an adder and a rat.

Vanquished Creatures
  An adder (D:2)
  2 worms (D:2)
  7 ball pythons
  4 bats (D:1)
  2 endoplasms
  5 hobgoblins
  2 jackals (D:1)
  7 quokkas
  A frilled lizard (D:2)
  5 goblins
  6 kobolds
  3 rats
45 creatures vanquished.

Notes
Turn   | Place    | Note
-------+----------+-------------------------------------------
     0 | D:1      | Alarkh the Demonspawn Gladiator began the quest for the
                  | Orb.
     0 | D:1      | Reached XP level 1. HP: 16/16 MP: 1/1
   270 | D:1      | Reached skill level 3 in Unarmed Combat
   358 | D:1      | Gained mutation: You have sharp fingernails. [demonic
                  | ancestry]
   358 | D:1      | Reached XP level 2. HP: 20/22 MP: 2/2
  1294 | D:2      | Reached XP level 3. HP: 28/28 MP: 3/3
  1927 | D:3      | Reached skill level 4 in Unarmed Combat
  2018 | D:3      | Noticed Sigmund
  2035 | D:3      | Slain by Sigmund

Illustrated notes

Levels and vault maps discovered:
D:1:      tarquinn_simple_flora_water_d, layout_basic, minmay_hedge_maze
D:2:      layout_rooms
D:3:      lemuel_castle_with_subvaults [lemuel_castle_interior_original],
          layout_basic, minivault_26, uniq_sigmund, uniq_jessica

Skill      XL: |  1  2  3 |
---------------+----------+-----
Unarmed Combat | 3 4 |  4.0
Fighting       | |  2.9
Throwing       | |  1.7
Dodging        | |  2.6

Action                   || total
-------------------------++-------
Melee: Unarmed           ||   195
       Punch             ||     3
  Use: Potion            ||     3
Armor: Leather armour    ||    56
Dodge: Dodged            ||   122

Table legend: (Time is in decaauts)
 A = Elapsed time spent in this place.
 B = Non-inter-level travel time spent in this place.
 C = Inter-level travel time spent in this place.
 D = Time resting spent in this place.
 E = Time spent auto-exploring this place.
 F = Levels seen in this place.
 G = Mean time per level.
                   A        B        C        D        E       F      G
               +--------+--------+--------+--------+--------+-----+--------+
         Total |   2021 |   1991 |     30 |    309 |   1332 |   3 |  673.7 |
       Dungeon |   2021 |   1991 |     30 |    309 |   1332 |   3 |  673.7 |
               +--------+--------+--------+--------+--------+-----+--------+

Top non-repeatable levels by time:
     D:1: 1282 daAuts
     D:2: 602 daAuts
     D:3: 136 daAuts
